 Dungeon Crawl Stone Soup version 0.29-a0-923-g6e406bff71 (webtiles) character file.

Game seed: 4525465159134212800

553 Sabo the Conjurer (level 7, -4/42 HPs)
             Began as an Octopode Conjurer on July 27, 2022.
             Was a Priest of Vehumet.
             Slain by a hound (5 damage)
             ... on level 4 of the Dungeon.
             The game lasted 00:38:05 (6930 turns).

Sabo the Conjurer (Octopode Conjurer)               Turns: 6930, Time: 00:38:05

Health: -4/42      AC:  5    Str:  7    XL:     7   Next: 29%
Magic:  3/13       EV: 13    Int: 22    God:    Vehumet [***...]
Gold:   208        SH:  5    Dex: 10    Spells: 4/14 levels left

rFire   . . .      SeeInvis .   v - +5 scythe "Finisher" {speed, eviscerate}
rCold   + . .      Faith    .   (shield currently unavailable)
rNeg    . . .      Spirit   .   (helmet restricted)
rPois   .          Reflect  +   j - amulet of reflection
rElec   .          Harm     .   g - +4 ring of protection
rCorr   .          Rampage  .   A - ring of protection from cold
Will    .....                   (no ring)
Stlth   ++++......              (no ring)
HPRegen 0.14/turn               (no ring)
MPRegen 0.13/turn               (no ring)
                                (no ring)
                                (no ring)

@: no status effects
A: almost no armour, amphibious, 8 rings, camouflage 1, gelatinous body 1,
(nimble swimmer 1), tentacles
a: Renounce Religion


You were on level 4 of the Dungeon.
You worshipped Vehumet.
Vehumet was most pleased with you.
You visited 1 branch of the dungeon, and saw 4 of its levels.

You collected 208 gold pieces.

Inventory:

Hand Weapons
 n - a +2 dagger of holy wrath
 v - the +5 scythe "Finisher" (weapon) {speed, eviscerate}
   (You found it on level 2 of the Dungeon)

   Attacks with this weapon are significantly faster.
   It may eviscerate those it strikes, slaying them instantly, with a decreasing
   chance against stronger foes.
 w - a +3 quarterstaff of chaos
 y - a +0 sling
 B - a +3 mace
Missiles
 f - 10 poisoned darts
 s - 4 javelins (quivered)
 x - 2 throwing nets
 C - 3 boomerangs
Magical Staves
 h - a staff of cold
Jewellery
 g - a +4 ring of protection (left tentacle)
 j - an amulet of reflection (around mantle)
 A - a ring of protection from cold (right tentacle)
Scrolls
 b - a scroll of poison
 c - 2 scrolls of enchant armour
 l - 2 scrolls of teleportation
 q - a scroll of summoning {unknown}
 r - a scroll of vulnerability {unknown}
 t - 3 scrolls of magic mapping
Potions
 a - 2 potions of magic
 d - 2 potions of might {unknown}
 e - a potion of lignification {unknown}
 i - 2 potions of haste
 k - 2 potions of degeneration {unknown}
 m - a potion of berserk rage {unknown}
 o - 2 potions of flight {unknown}
 p - a potion of mutation {unknown}
 u - 2 potions of curing {unknown}
 z - a potion of brilliance {unknown}


   Skills:
 + Level 0.3 Fighting
 + Level 0.3 Short Blades
 * Level 1.2 Maces & Flails
 + Level 1.0 Polearms
 + Level 1.0 Throwing
 + Level 2.8 Dodging
 + Level 5.2 Stealth
 + Level 0.1 Shields
 + Level 4.1 Spellcasting
 + Level 5.8 Conjurations


You had 4 spell levels left.
You knew the following spells:

 Your Spells              Type           Power      Damage    Failure   Level
a - Magic Dart            Conj           100%       1d8       1%          1
b - Dazzling Flash        Conj/Hex       34%        N/A       2%          3
c - Searing Ray           Conj           60%        2d6       1%          2
d - Iskenderun's Mystic   Conj/Tloc      17%        2d5       9%          4

Your spell library contained the following spells:

 Spells                   Type           Power      Damage    Failure   Level
 Ignite Poison            Fire/Tmut/Pois 4%         N/A       9%          3
 Fulminant Prism          Conj/Hex       8%         3d7       9%          4


Dungeon Overview and Level Annotations

Branches:
Dungeon (4/15)             Temple (0/1) D:4

Altars:
Gozag
Vehumet

Shops:
D:1 *

Annotations:
D:4 Ijyb


Innate Abilities, Weirdness & Mutations

You cannot wear most types of armour.
You are amphibious.
You can wear up to eight rings at the same time.
Your skin changes colour to match your surroundings (Stealth+).
Your rubbery body absorbs attacks. (AC +1, EV +1)
((You are camouflaged when in or above water. (Stealth+)))
You have tentacles for arms and can constrict up to eight enemies at once.


Message History

The grasping roots constrict you.
The searing ray hits Ijyb.
Ijyb is almost dead.
The adder completely misses you. The adder bites you but does no damage.
Ijyb hits you with a +0 spectral club. The grasping roots constrict you.
You closely miss the adder. Your grab misses the adder. You squeeze the adder.
The adder is severely wounded.
The adder bites you but does no damage. Ijyb hits you with a +0 spectral club.
The grasping roots constrict you.
* * * LOW HITPOINT WARNING * * *
The adder bites you.
* * * LOW HITPOINT WARNING * * *
The grasping roots release their grip on you.
You closely miss the adder. You grab the adder.
The adder is severely wounded.
You constrict the adder.
You kill the adder!
Vehumet accepts your kill. Ijyb hits you but does no damage.
The hound barely misses you.
Your Polearms skill increases to level 1!
You hit Ijyb but do no damage. Your grab misses Ijyb.
Ijyb is almost dead.
The hound pauses to sniff the ground.
The hound misses you. Ijyb hits you with a +0 spectral club.
* * * LOW HITPOINT WARNING * * *
You block the hound's attack. Ijyb hits you but does no damage.
You hit Ijyb but do no damage. Your grab misses Ijyb.
You squeeze Ijyb, but do no damage.
Ijyb is severely wounded.
The hound bites you but does no damage. The hound completely misses you.
Ijyb barely misses you.
You closely miss Ijyb. You grab Ijyb. You squeeze Ijyb, but do no damage.
Ijyb is severely wounded.
You constrict Ijyb, but do no damage. You block the hound's attack.
You block Ijyb's attack. The hound barely misses you.
You hit Ijyb.
Ijyb is almost dead.
You constrict Ijyb, but do no damage. The hound barely misses you.
Ijyb closely misses you. The hound bites you.
You die...

##### ###...#
####.....#########
#8...._....8.†....
###...8...8....#####
#..@.⌠≈≈≈≈≈⌠........
#.gh8≈#####≈8...##.#
#....≈#$$$#≈....#
#.._.≈#!$$#≈._.##
#....≈#$$$#≈...#
....8≈#####≈8.[# #.#
####..⌠≈≈≈≈≈⌠...#
#.. #...8...8 ###


You could see Ijyb and a hound.

Vanquished Creatures
  Sigmund (D:2)
  A scorpion (D:4)
  Terence (D:2)
  Crazy Yiuf (D:2)
  Jessica (D:3)
  An orc wizard (D:4)
  Robin (D:4)
  An adder (D:4)
  10 gnolls
  3 dart slugs
  9 orcs
  8 ball pythons
  9 endoplasms
  2 giant cockroaches
  12 goblins
  15 hobgoblins
  2 jackals (D:3)
  5 quokkas
  5 bats
  4 frilled lizards
  18 kobolds
  7 rats
  A fungus (D:2)
118 creatures vanquished.

Notes
Turn   | Place    | Note
-------+----------+-------------------------------------------
     0 | D:1      | Sabo the Octopode Conjurer began the quest for the Orb.
     0 | D:1      | Reached XP level 1. HP: 11/11 MP: 3/3
   282 | D:1      | Reached XP level 2. HP: 17/17 MP: 1/5
   976 | D:1      | Found Zybuoc's Assorted Antiques.
  1210 | D:1      | Reached XP level 3. HP: 21/21 MP: 3/6
  1487 | D:2      | Noticed Terence
  1562 | D:2      | Learned a level 3 spell: Dazzling Flash
  1903 | D:2      | Noticed Sigmund
  1924 | D:2      | Killed Sigmund
  1925 | D:2      | Reached skill level 5 in Conjurations
  1925 | D:2      | Reached XP level 4. HP: 6/27 MP: 0/8
  1925 | D:2      | Reached XP level 5. HP: 7/31 MP: 0/9
  2359 | D:2      | Reached XP level 6. HP: 11/36 MP: 1/11
  2671 | D:2      | Found a faded altar of an unknown god.
  2691 | D:2      | Prayed at the altar of an unknown god.
  2691 | D:2      | Became a worshipper of Vehumet
  2691 | D:2      | Reached * piety under Vehumet
  2691 | D:2      | Offered knowledge of Sandblast by Vehumet.
  2695 | D:2      | Learned a level 2 spell: Searing Ray
  3005 | D:2      | Killed Terence
  3286 | D:2      | Found the +5 scythe "Finisher" {speed, eviscerate}
  3401 | D:2      | Found a runed translucent door.
  3402 | D:2      | Noticed Crazy Yiuf
  3407 | D:2      | Killed Crazy Yiuf
  4546 | D:3      | Reached skill level 1 in Throwing
  4790 | D:3      | Noticed Jessica
  4794 | D:3      | Killed Jessica
  5655 | D:4      | Reached ** piety under Vehumet
  5657 | D:4      | Offered knowledge of Static Discharge by Vehumet.
  5698 | D:4      | Noticed Robin
  5701 | D:4      | Killed Robin
  5702 | D:4      | Reached skill level 1 in Maces & Flails
  6008 | D:4      | Reached XP level 7. HP: 31/41 MP: 10/13
  6329 | D:4      | Offered knowledge of Ignite Poison by Vehumet.
  6514 | D:4      | Found a staircase to the Ecumenical Temple.
  6524 | D:4      | Reached *** piety under Vehumet
  6525 | D:4      | Reached skill level 5 in Stealth
  6683 | D:4      | Learned a level 4 spell: Iskenderun's Mystic Blast
  6898 | D:4      | Found an opulent altar of Gozag.
  6898 | D:4      | Found an opulent altar of Gozag.
  6905 | D:4      | Found an opulent altar of Gozag.
  6906 | D:4      | Noticed Ijyb
  6927 | D:4      | Reached skill level 1 in Polearms
  6927 | D:4      | HP: 1/42 [Ijyb/+0 spectral club (6)]
  6930 | D:4      | Slain by a hound

Illustrated notes

Levels and vault maps discovered:
D:1:      scummos_arrival_star, layout_loops_cross, serial_shops,
          nicolae_diamond_shop, serial_glass, glass_columns_a, glass_columns_b,
          glass_columns_c, glass_columns_a, glass_columns_b, glass_columns_c,
          glass_columns_a, glass_columns_c, minmay_distorted
D:2:      layout_basic, shapermc_ecumenical_altar_ellora, feat_on_display,
          uniq_terence, uniq_sigmund, uniq_crazy_yiuf_cottage
D:3:      layout_basic, uniq_jessica
D:4:      corexii_shantytown, layout_loops_ring,
          nicolae_gozag_conspicuous_consumption, temple_green, uniq_robin,
          uniq_ijyb

Skill      XL: |  1  2  3  4  5  6  7 |
---------------+----------------------+-----
Stealth        | 3 4 5 |  5.2
Spellcasting   | 3 4 |  4.1
Conjurations   | 5 |  5.8
Throwing       | 1 |  1.0
Maces & Flails | 1 |  1.2
Polearms       | 1 |  1.0
Fighting       | |  0.3
Short Blades   | |  0.3
Dodging        | |  2.8
Shields        | |  0.1

Action                   |  1- 3 |  4- 6 |  7- 9 || total
-------------------------+-------+-------+-------++-------
Melee: Short sword       |     3 |       |       ||     3
       Staff             |    10 |     8 |       ||    18
       Tentacles         |     2 |     4 |     4 ||    10
       Constrict         |     1 |     5 |     5 ||    11
       Punch             |     1 |       |       ||     1
       Scythe            |       |    21 |    36 ||    57
Throw: Javelin           |     3 |     4 |       ||     7
 Cast: Magic Dart        |    62 |    22 |       ||    84
       Searing Ray       |       |    39 |     7 ||    46
  Use: Scroll            |     3 |     1 |     1 ||     5
 Stab: Sleeping          |       |       |    13 ||    13
Armor: Skin              |     3 |    23 |    10 ||    36
Dodge: Dodged            |     7 |    37 |    23 ||    67
Block: Other             |     2 |    11 |    11 ||    24
       Reflection        |       |     1 |       ||     1

Table legend: (Time is in decaauts)
 A = Elapsed time spent in this place.
 B = Non-inter-level travel time spent in this place.
 C = Inter-level travel time spent in this place.
 D = Time resting spent in this place.
 E = Time spent auto-exploring this place.
 F = Levels seen in this place.
 G = Mean time per level.
                   A        B        C        D        E       F      G
               +--------+--------+--------+--------+--------+-----+--------+
         Total |   6952 |   6952 |      0 |   3440 |      0 |   4 | 1738.0 |
       Dungeon |   6952 |   6952 |      0 |   3440 |      0 |   4 | 1738.0 |
               +--------+--------+--------+--------+--------+-----+--------+

Top non-repeatable levels by time:
     D:2: 2050 daAuts
     D:4: 1708 daAuts
     D:3: 1657 daAuts
     D:1: 1535 daAuts
